SKY
MEMPHIS BLUES @ SEATTLE MARINERS
07/09/2052
 
TOP OF THE 1ST
Memphis Blues batting - Pitching for Seattle Mariners : RHP Errol Medrano
Pitching: RHP Errol Medrano
Batting: RHB Julien Straton 0-0: Ball
1-0: Ball
2-0: Ball
3-0: Called Strike
3-1: Called Strike
3-2: Ground out 6-3 (Groundball, 6S, EV 63.1 MPH)
Batting: LHB Caleb Oliver 0-0: Called Strike
0-1: Ball
1-1: Fly out, F8 (Flyball, 78M, EV 91.3 MPH)
Batting: RHB Yohan Roque 0-0: Called Strike
0-1: Fly out, F6 (Line Drive, 6, EV 71.9 MPH)
Top of the 1st over - 0 runs, 0 hits, 0 errors, 0 left on base; Memphis 0 - Seattle 0
BOTTOM OF THE 1ST
Seattle Mariners batting - Pitching for Memphis Blues : RHP Leighton Rodriques
Pitching: RHP Leighton Rodriques
Batting: RHB Alexis Loya 0-0: Ball
1-0: Called Strike
1-1: Ground out 6-3 (Groundball, 6, EV 95.6 MPH)
Batting: LHB Dickie Pierce 0-0: Ball
1-0: Ball
2-0: Called Strike
2-1: Foul Ball, location: 2F
2-2: Fly out, F5 (Line Drive, 5L, EV 68.1 MPH)
Batting: RHB Jacob Cole 0-0: Ball
1-0: Ground out 5-3 (Groundball, 56, EV 106.3 MPH)
Bottom of the 1st over - 0 runs, 0 hits, 0 errors, 0 left on base; Memphis 0 - Seattle 0
TOP OF THE 2ND
Memphis Blues batting - Pitching for Seattle Mariners : RHP Errol Medrano
Batting: LHB R.J. Brown 0-0: Called Strike
0-1: Ball
1-1: Ball
2-1: Ball
3-1: SINGLE (Groundball, 34D, EV 103.8 MPH)
Batting: LHB Max Foster 0-0: Ball
1-0: Ball
2-0: Swinging Strike
2-1: SINGLE (Line Drive, 8LS, EV 98.1 MPH)
R.J. Brown to second
Batting: LHB Alex Nicholson 0-0: Swinging Strike
0-1: Ball
1-1: Fielders Choice at 2nd, 3-6 (Groundball, 3, EV 107.5 MPH)
R.J. Brown to third
Batting: RHB Amadeo Ybarra 0-0: Ball
1-0: Grounds into double play, 6-4-3 (Groundball, 6S, EV 86.3 MPH)
Top of the 2nd over - 0 runs, 2 hits, 0 errors, 1 left on base; Memphis 0 - Seattle 0
BOTTOM OF THE 2ND
Seattle Mariners batting - Pitching for Memphis Blues : RHP Leighton Rodriques
Batting: LHB Norman Visser 0-0: Ball
1-0: Foul Ball, location: 25FF
1-1: Ball
2-1: Foul Ball, location: 23F
2-2: SINGLE (Line Drive, 4D, EV 103.8 MPH)
Batting: RHB Norm Walker 0-0: Foul Ball, location: 9LSF
0-1: Fly out, F7 (Flyball, 7D, EV 95.0 MPH)
Batting: LHB Kent Niemann 0-0: Called Strike
0-1: Ball
1-1: Fly out, F7 (Flyball, 7S, EV 91.3 MPH)
Batting: RHB Bobby Brundage 0-0: Called Strike
0-1: Ball
1-1: Foul Ball, location: 5FF
1-2: Ball
Norman Visser steals 2nd base
2-2: Ball
3-2: DOUBLE (Flyball, 8RXD, EV 111.9 MPH)
Norman Visser scores
Batting: SHB Hugo Castillo 0-0: Ball
1-0: Ball
2-0: Ground out 6-3 (Groundball, 6M, EV 110.0 MPH)
Bottom of the 2nd over - 1 run, 2 hits, 0 errors, 1 left on base; Memphis 0 - Seattle 1
TOP OF THE 3RD
Memphis Blues batting - Pitching for Seattle Mariners : RHP Errol Medrano
Batting: SHB Ishmael Baptiste 0-0: Ball
1-0: Ball
2-0: Swinging Strike
2-1: Ball
3-1: Foul Ball, location: 2F
3-2: Fly out, F7 (Flyball, 78D, EV 95.0 MPH)
Batting: RHB Josh Benedict 0-0: Called Strike
0-1: Ball
1-1: Ball
2-1: Ball
3-1: Called Strike
3-2: Base on Balls
Batting: RHB Julien Straton 0-0: Called Strike
0-1: Ground out 6-3 (Groundball, 56, EV 86.3 MPH)
Josh Benedict to second
Batting: LHB Caleb Oliver 0-0: Foul Ball, location: 2F
0-1: Ground out 6-3 (Groundball, 4M, EV 98.8 MPH)
Top of the 3rd over - 0 runs, 0 hits, 0 errors, 1 left on base; Memphis 0 - Seattle 1
BOTTOM OF THE 3RD
Seattle Mariners batting - Pitching for Memphis Blues : RHP Leighton Rodriques
Batting: RHB Ty Moss 0-0: Fly out, F3 (Popup, 3F, EV 68.1 MPH)
Batting: RHB Alexis Loya 0-0: Foul Ball, location: 9LSF
0-1: Ball
1-1: Foul Ball, location: 9LSF
1-2: Ground out 1-3 (Groundball, 15S, EV 64.4 MPH)
Batting: LHB Dickie Pierce 0-0: Swinging Strike
0-1: Foul Ball, location: 7LMF
0-2: Ball
1-2: Foul Ball, location: 2F
1-2: Foul Ball, location: 7LSF
1-2: Strikes out looking
Bottom of the 3rd over - 0 runs, 0 hits, 0 errors, 0 left on base; Memphis 0 - Seattle 1
TOP OF THE 4TH
Memphis Blues batting - Pitching for Seattle Mariners : RHP Errol Medrano
Batting: RHB Yohan Roque 0-0: Called Strike
0-1: Ball
1-1: Ball
2-1: Ball
3-1: Base on Balls
Batting: LHB R.J. Brown 0-0: Called Strike
0-1: Ball
1-1: SINGLE (Groundball, 56D, EV 107.5 MPH)
Yohan Roque to second
Batting: LHB Max Foster 0-0: Ground out 4-3 (Groundball, 4MS, EV 72.5 MPH)
Yohan Roque to third
R.J. Brown to second
Batting: LHB Alex Nicholson 0-0: Ball
1-0: Called Strike
1-1: Foul Ball, location: 2F
1-2: Ball
2-2: Foul Ball, location: 3FF
2-2: Strikes out looking
Batting: RHB Amadeo Ybarra 0-0: DOUBLE (Line Drive, 78XD, EV 101.9 MPH)
Yohan Roque scores
R.J. Brown scores
Batting: SHB Ishmael Baptiste 0-0: Called Strike
0-1: Ball
1-1: Foul Ball, location: 2F
1-2: Strikes out swinging
Top of the 4th over - 2 runs, 2 hits, 0 errors, 1 left on base; Memphis 2 - Seattle 1
BOTTOM OF THE 4TH
Seattle Mariners batting - Pitching for Memphis Blues : RHP Leighton Rodriques
Batting: RHB Jacob Cole 0-0: Fly out, F8 (Line Drive, 8RS, EV 94.4 MPH)
Batting: LHB Norman Visser 0-0: Ball
1-0: Ball
2-0: TRIPLE (Flyball, 78XD, EV 95.6 MPH)
Batting: RHB Norm Walker 0-0: Ball
1-0: Ball
2-0: Called Strike
2-1: SINGLE (Groundball, 6MD, EV 98.8 MPH)
Norman Visser scores
Batting: LHB Kent Niemann 0-0: Called Strike
0-1: Called Strike
0-2: Strikes out looking
Batting: RHB Bobby Brundage 0-0: Called Strike
0-1: Ball
1-1: Ball
2-1: Ball
3-1: Base on Balls
Norm Walker to second
Batting: SHB Hugo Castillo 0-0: Ball
1-0: Ball
2-0: Foul Ball, location: 2F
2-1: Fly out, F7 (Flyball, 78M, EV 91.3 MPH)
Bottom of the 4th over - 1 run, 2 hits, 0 errors, 2 left on base; Memphis 2 - Seattle 2
TOP OF THE 5TH
Memphis Blues batting - Pitching for Seattle Mariners : RHP Errol Medrano
Batting: RHB Josh Benedict 0-0: Ball
1-0: Called Strike
1-1: Ground out 6-3 (Groundball, 6, EV 77.5 MPH)
Batting: RHB Julien Straton 0-0: Called Strike
0-1: Ground out 4-3 (Groundball, 4MD, EV 98.8 MPH)
Batting: LHB Caleb Oliver 0-0: Ball
1-0: Ball
2-0: SINGLE (Groundball, 6MD, EV 103.8 MPH)
Batting: RHB Yohan Roque 0-0: Foul Ball, location: 2F
0-1: Foul Ball, location: 2F
0-2: Ball
1-2: Fly out, F9 (Flyball, 9D, EV 99.4 MPH)
Top of the 5th over - 0 runs, 1 hit, 0 errors, 1 left on base; Memphis 2 - Seattle 2
BOTTOM OF THE 5TH
Seattle Mariners batting - Pitching for Memphis Blues : RHP Leighton Rodriques
Batting: RHB Ty Moss 0-0: Ball
1-0: Foul Ball, location: 2F
1-1: Ball
2-1: Foul Ball, location: 2F
2-2: Foul Ball, location: 2F
2-2: SINGLE (Flyball, 8RS, EV 96.9 MPH)
Batting: RHB Alexis Loya 0-0: Ball
1-0: Called Strike
1-1: Ball
2-1: Swinging Strike
2-2: Strikes out looking
Batting: LHB Dickie Pierce 0-0: Ball
1-0: Ball
2-0: Called Strike
2-1: Foul Ball, location: 3FF
2-2: Foul Ball, location: 7LDF
2-2: DOUBLE (Flyball, 8RXD, EV 112.5 MPH)
Ty Moss to third
Batting: RHB Jacob Cole 0-0: Swinging Strike
0-1: Ball
1-1: Ball
2-1: Swinging Strike
2-2: Ball
3-2: Strikes out looking
Batting: LHB Norman Visser 0-0: Ball
1-0: Ball
2-0: Ball
3-0: Called Strike
3-1: Foul Ball, location: 2F
3-2: Base on Balls
Pitching: RHP Marc Masterson
Batting: RHB Norm Walker 0-0: Ball
1-0: Foul Ball, location: 9LMF
1-1: Ball
2-1: Ball
3-1: Swinging Strike
3-2: Foul Ball, location: 7LDF
3-2: Foul Ball, location: 2F
3-2: Ground out 6-3 (Groundball, 6MD, EV 95.0 MPH)
Bottom of the 5th over - 0 runs, 2 hits, 0 errors, 3 left on base; Memphis 2 - Seattle 2
TOP OF THE 6TH
Memphis Blues batting - Pitching for Seattle Mariners : RHP Errol Medrano
Batting: LHB R.J. Brown 0-0: Called Strike
0-1: Hit by Pitch
Batting: LHB Max Foster 0-0: Called Strike
0-1: Ball
1-1: Ball
2-1: Ball
3-1: Foul Ball, location: 25FF
3-2: Strikes out swinging
Batting: LHB Alex Nicholson 0-0: Swinging Strike
0-1: Ball
1-1: Swinging Strike
1-2: Foul Ball, location: 5SF
1-2: Foul Ball, location: 2F
1-2: Foul Ball, location: 2F
1-2: Ball
2-2: Strikes out swinging
Batting: RHB Amadeo Ybarra 0-0: Ball
1-0: Called Strike
1-1: Ball
2-1: Ball
3-1: DOUBLE (Flyball, 8LXD, EV 106.3 MPH)
R.J. Brown to third
Pitching: RHP Jeffrey Meyer
Batting: SHB Ishmael Baptiste 0-0: Ball
1-0: Ball
2-0: SINGLE (Groundball, 56D, EV 102.5 MPH) (infield hit)
R.J. Brown scores
Amadeo Ybarra to third
Batting: RHB Josh Benedict 0-0: Swinging Strike
0-1: Ball
1-1: Foul Ball, location: 2F
1-2: Foul Ball, location: 23FF
1-2: Foul Ball, location: 5SF
1-2: Foul Ball, location: 9LSF
1-2: Strikes out swinging
Top of the 6th over - 1 run, 2 hits, 0 errors, 2 left on base; Memphis 3 - Seattle 2
BOTTOM OF THE 6TH
Seattle Mariners batting - Pitching for Memphis Blues : RHP Marc Masterson
Batting: LHB Kent Niemann 0-0: Ball
1-0: Foul Ball, location: 2F
1-1: Ground out 4-3 (Groundball, 4M, EV 93.1 MPH)
Batting: RHB Bobby Brundage 0-0: Fly out, F3 (Popup, 3SF, EV 77.5 MPH)
Batting: SHB Hugo Castillo 0-0: Ball
1-0: Ball
2-0: Called Strike
2-1: Fly out, F9 (Flyball, 9, EV 89.4 MPH)
Bottom of the 6th over - 0 runs, 0 hits, 0 errors, 0 left on base; Memphis 3 - Seattle 2
TOP OF THE 7TH
Memphis Blues batting - Pitching for Seattle Mariners : RHP Jeffrey Meyer
Batting: RHB Julien Straton 0-0: Ball
1-0: Swinging Strike
1-1: Foul Ball, location: 9LDF
1-2: Ball
2-2: Ground out 5-3 (Groundball, 56S, EV 67.5 MPH)
Batting: LHB Caleb Oliver 0-0: Hit by Pitch
Batting: RHB Yohan Roque 0-0: Called Strike
Pickoff Throw to First - Error! E1
Caleb Oliver to second
0-1: Called Strike
0-2: Strikes out swinging
Batting: LHB R.J. Brown 0-0: Called Strike
0-1: Called Strike
0-2: Ball
1-2: Ball
2-2: Ball
3-2: Foul Ball, location: 9LDF
3-2: Base on Balls
Pitching: LHP Clay Jackson
Pinch Runner at 2nd Urso Cardona:
Batting: LHB Max Foster 0-0: Foul Ball, location: 3F
0-1: Foul Ball, location: 5DF
0-2: Ball
1-2: Ball
2-2: Ball
3-2: SINGLE (Groundball, 4MD, EV 101.9 MPH) (infield hit)
Urso Cardona to third
R.J. Brown to second
Batting: LHB Alex Nicholson 0-0: Ground out 4-3 (Groundball, 4S, EV 87.5 MPH)
Top of the 7th over - 0 runs, 1 hit, 1 error, 3 left on base; Memphis 3 - Seattle 2
BOTTOM OF THE 7TH
Seattle Mariners batting - Pitching for Memphis Blues : RHP Marc Masterson
Now in LF: Max Foster
Now in RF: Urso Cardona
Batting: RHB Ty Moss 0-0: Ball
1-0: Called Strike
1-1: Ball
2-1: Foul Ball, location: 9LMF
2-2: Foul Ball, location: 2F
2-2: Ground out 5-3 (Groundball, 5, EV 84.4 MPH)
Batting: RHB Alexis Loya 0-0: Called Strike
0-1: Ball
1-1: Swinging Strike
1-2: Ball
2-2: Strikes out swinging
Batting: LHB Dickie Pierce 0-0: Ball
1-0: Swinging Strike
1-1: Called Strike
1-2: Reached on error, E5 (Groundball, 5L, EV 101.9 MPH)
Batting: RHB Jacob Cole 0-0: Called Strike
0-1: Ball
Pickoff Throw by Catcher to First - Out!
Bottom of the 7th over - 0 runs, 0 hits, 1 error, 0 left on base; Memphis 3 - Seattle 2
TOP OF THE 8TH
Memphis Blues batting - Pitching for Seattle Mariners : LHP Clay Jackson
Batting: RHB Amadeo Ybarra 0-0: Ball
1-0: Ball
2-0: Ball
3-0: Called Strike
3-1: Swinging Strike
3-2: Ground out 6-3 (Groundball, 6, EV 83.1 MPH)
Batting: SHB Ishmael Baptiste 0-0: Foul Ball, location: 2F
0-1: Ball
1-1: Called Strike
1-2: Ground out U3 (Groundball, 34, EV 103.8 MPH)
Batting: RHB Josh Benedict 0-0: Called Strike
0-1: Ball
1-1: Called Strike
1-2: Ball
2-2: DOUBLE (Flyball, 8LD, EV 104.4 MPH)
Batting: RHB Julien Straton 0-0: Ball
1-0: 2-RUN HOME RUN (Flyball, 7LD, EV 95.0 MPH), Distance : 340 ft
Pitching: RHP Roy Lovelace
Batting: RHB Urso Cardona 0-0: Called Strike
0-1: Called Strike
0-2: Ball
1-2: Ball
2-2: Ball
3-2: Ground out 6-3 (Groundball, 6, EV 94.4 MPH)
Top of the 8th over - 2 runs, 2 hits, 0 errors, 0 left on base; Memphis 5 - Seattle 2
BOTTOM OF THE 8TH
Seattle Mariners batting - Pitching for Memphis Blues : RHP Marc Masterson
Batting: RHB Jacob Cole 0-0: Called Strike
0-1: Ball
1-1: Called Strike
1-2: Ball
2-2: Hit by Pitch
Pinch Runner at 1st Harwood Witt:
Batting: LHB Norman Visser 0-0: Swinging Strike
0-1: Fielders Choice at 2nd, 3-6 (Groundball, 34, EV 79.4 MPH)
Batting: RHB Norm Walker 0-0: Called Strike
0-1: Called Strike
0-2: Ball
1-2: DOUBLE (Line Drive, 78D, EV 105.0 MPH)
Norman Visser to third
Runner from 3rd tries for Home, SAFE, throw by LF to trailing runner, SAFE at third!
Batting: LHB Kent Niemann 0-0: Ball
1-0: Called Strike
1-1: Fly out, F9 (Flyball, 9D, EV 98.8 MPH)
Runner from 3rd tags up, SCORES, no throw by RF
Batting: RHB Bobby Brundage 0-0: Ball
1-0: Swinging Strike
1-1: Foul Ball, location: 9LSF
1-2: SINGLE (Line Drive, 89S, EV 100.6 MPH)
Pitching: RHP Conrad Strong
Batting: SHB Hugo Castillo 0-0: Ball
1-0: Called Strike
1-1: Fly out, F9 (Flyball, 9D, EV 87.5 MPH)
Bottom of the 8th over - 2 runs, 2 hits, 0 errors, 1 left on base; Memphis 5 - Seattle 4
TOP OF THE 9TH
Memphis Blues batting - Pitching for Seattle Mariners : RHP Roy Lovelace
Pitching: RHP Archer Bey
Now at 1B: Harwood Witt
Now in CF: Norman Visser
Batting: RHB Yohan Roque 0-0: Ball
1-0: Ball
2-0: Swinging Strike
2-1: Ball
3-1: Base on Balls
Pitching: LHP Adam Keef
Batting: LHB R.J. Brown 0-0: Fly out, F8 (Flyball, 78D, EV 88.1 MPH)
Batting: LHB Max Foster 0-0: Ball
1-0: Foul Ball, location: 5SF
1-1: Ball
2-1: Called Strike
2-2: Ball
3-2: Strikes out swinging
Pinch Hitting: RHB Miles Hallam 0-0: Foul Ball, location: 3SF
0-1: SINGLE (Groundball, 5D, EV 97.5 MPH)
Yohan Roque to second
Batting: RHB Amadeo Ybarra 0-0: Called Strike
0-1: Foul Ball, location: 2F
0-2: Ball
1-2: Foul Ball, location: 7LSF
1-2: Ball
2-2: Ball
3-2: Strikes out swinging
Top of the 9th over - 0 runs, 1 hit, 0 errors, 2 left on base; Memphis 5 - Seattle 4
BOTTOM OF THE 9TH
Seattle Mariners batting - Pitching for Memphis Blues : RHP Conrad Strong
Now at 3B: Yefferson Parras
Batting: RHB Ty Moss 0-0: Ground out 1-3 (Groundball, 13, EV 64.4 MPH)
Batting: RHB Alexis Loya 0-0: Called Strike
0-1: Ball
1-1: Ball
2-1: Ball
3-1: Fly out, F7 (Flyball, 7LS, EV 88.1 MPH)
Batting: LHB Dickie Pierce 0-0: Called Strike
0-1: Ball
1-1: Ball
2-1: Foul Ball, location: 2F
2-2: Ground out 4-3 (Groundball, 4, EV 90.0 MPH)
Bottom of the 9th over - 0 runs, 0 hits, 0 errors, 0 left on base; Memphis 5 - Seattle 4
Sunday, April 28th , 2024 - OOTP Baseball 24.11 Build 85